AoeStats
← xMasterCheF90x

Lombardia

509731517Analyzed
4v4 RM · 6d ago on Sep 27, 2026· 74m 32s· 8 players
Game mode
Random Map
Map size
Large (8 player)
Population
200
Speed
Normal
Resources
Standard
Victory
Conquest
Starting age
Dark Age
Ending age
Imperial Age
RankedLock teamsTeams togetherTeam positionsShared explorationLock speedFull tech treeHidden civsTurbo modeCheats
Victory
Defeat
🇪🇸 Wei · Spain
597
+16
🇮🇹 Huns · Italy
583
+16
🇩🇪 Britons · Germany
582
+16
🇹🇷 Sicilians · Türkiye
515
+20
🇲🇽 Romans · Mexico
640
-18
🇦🇷 Slavs · Argentina
610
-18
🇹🇼 Burgundians · Taiwan
603
-18
🇺🇸 Saxons · United States
510
-14
GolTecnic
9:41 Loom
12:11 Feudal Age
12:50 Double-Bit Axe
13:44 Wheelbarrow
12:52 Horse Collar
13:07 Gold Mining
13:08 Stone Mining
20:14 Castle Age
18:12 Town Watch
19:45 Scale Mail Armor
19:46 Arson
21:27 Bow Saw
21:38 Hand Cart
21:40 Heavy Plow
21:59 Chain Mail Armor
21:16 Pikeman
22:06 Squires
27:34 Scale Barding Armor
27:20 Fletching
27:36 Husbandry
27:56 Bloodlines
33:47 Imperial Age
32:58 Chain Barding Armor
32:57 Marauders
34:58 Bodkin Arrow
35:58 Conscription
34:59 Elite Tarkan
37:17 Plate Barding Armor
36:55 Halberdier
38:25 Town Patrol
39:15 Gold Shaft Mining
40:09 Ballistics
40:50 Chemistry
47:28 Caravan
47:59 Coinage
47:40 Guilds
51:18 Banking
xMasterCheF90x
11:12 Feudal Age
12:34 Wheelbarrow
11:58 Double-Bit Axe
17:15 Gold Mining
17:12 Horse Collar
21:08 Castle Age
21:01 Stone Mining
22:21 Hand Cart
22:22 Bow Saw
22:20 Heavy Plow
23:00 Gold Shaft Mining
26:44 Gambesons
27:01 Squires
26:24 Pikeman
27:01 Fletching
27:12 Padded Archer Armor
27:14 Scale Mail Armor
27:25 Forging
33:38 Imperial Age
34:05 Yeomen
37:24 Two-Man Saw
36:33 Town Watch
38:07 Elite Longbowman
38:20 Elite Skirmisher
39:06 Bodkin Arrow
39:28 Leather Archer Armor
39:29 Chain Mail Armor
43:46 Chemistry
42:44 Murder Holes
42:36 Arrowslits
42:43 Guard Tower
43:16 Halberdier
47:10 Warwolf
47:16 Bracer
47:48 Ring Archer Armor
47:51 Plate Mail Armor
47:58 Iron Casting
48:29 Town Patrol
49:11 Keep
61:10 Conscription
61:37 Hoardings
67:31 Conscription
67:57 Conscription
BobySlam⭕⃤
0:56 Loom
11:11 Feudal Age
15:28 Double-Bit Axe
16:58 Horse Collar
20:32 Forging
20:22 Scale Mail Armor
20:18 Arson
31:36 Castle Age
33:10 Bow Saw
33:02 Heavy Plow
33:40 Iron Casting
33:21 Chain Mail Armor
33:17 Caravan
33:41 Squires
34:26 Wheelbarrow
35:31 Ballistics
36:11 Gold Mining
36:12 Stone Mining
37:31 Hand Cart
37:13 Town Watch
37:39 Pikeman
44:14 Imperial Age
43:42 Husbandry
43:07 Light Cavalry
43:58 Bloodlines
43:58 Scale Barding Armor
43:43 Fletching
43:54 Padded Archer Armor
45:10 Chain Barding Armor
44:21 Cranequins
45:28 Conscription
48:37 Chemistry
48:47 Blast Furnace
47:42 Bodkin Arrow
48:02 Leather Archer Armor
50:57 Elite Serjeant
52:25 Heavy Mounted Crossbowman
60:45 Heated Shot
61:09 Guilds
61:29 Coinage
-Will-
0:48 Loom
12:00 Feudal Age
12:38 Gold Mining
12:33 Horse Collar
13:07 Double-Bit Axe
14:42 Wheelbarrow
14:03 Stone Mining
23:21 Castle Age
22:15 Forging
23:15 Scale Barding Armor
25:02 Chain Barding Armor
24:57 Bow Saw
24:50 Heavy Plow
25:52 Gold Shaft Mining
26:04 Iron Casting
29:20 Bloodlines
30:03 Stone Shaft Mining
30:12 Husbandry
30:33 Scale Mail Armor
30:30 Fletching
31:27 Hand Cart
32:51 Tuntian
36:42 Town Watch
36:56 Bodkin Arrow
38:05 Padded Archer Armor
39:23 Town Patrol
40:27 Scale Mail Armor
40:43 Leather Archer Armor
41:54 Treadmill Crane
45:23 Imperial Age
43:30 Thumb Ring
45:14 Murder Holes
47:46 Ming Guang Armor
47:51 Elite Tiger Cavalry
48:58 Heavy Hei Guang Cavalry
50:42 Parthian Tactics
51:40 Blast Furnace
50:42 Bracer
51:12 Ring Archer Armor
53:53 Chemistry
53:14 Ballistics
53:06 Fortified Wall
53:07 Masonry
54:30 Conscription
61:02 Pikeman
67:00 Man-at-Arms
67:40 Long Swordsman
68:44 Two-Handed Swordsman
Cool
12:20 Feudal Age
14:42 Double-Bit Axe
14:40 Horse Collar
14:52 Gold Mining
22:19 Castle Age
20:20 Stone Mining
23:30 Bow Saw
26:41 Heavy Plow
27:19 Gold Shaft Mining
29:18 Wheelbarrow
34:42 Imperial Age
39:01 Two-Man Saw
38:38 Crop Rotation
39:17 Loom
39:48 Hand Cart
39:19 Town Watch
39:02 Elite Varangian Guard
39:28 Arson
39:46 Squires
39:32 Gambesons
39:08 Pikeman
39:54 Scale Mail Armor
40:05 Forging
42:39 Shield Wall
43:20 Fletching
43:35 Murder Holes
43:22 Treadmill Crane
46:36 Masonry
46:48 Ballistics
46:27 Bodkin Arrow
47:08 Iron Casting
46:48 Chain Mail Armor
47:23 Bracer
47:41 Chain Mail Armor
48:06 Iron Casting
48:37 Architecture
51:54 Chemistry
51:04 Siege Engineers
52:32 Hoardings
55:27 Scale Barding Armor
55:53 Plate Mail Armor
55:24 Padded Archer Armor
56:04 Caravan
56:37 Coinage
56:18 Guilds
57:33 Conscription
63:40 Herbal Medicine
67:02 Fortified Wall
✪KillerMx✪
12:48 Feudal Age
13:24 Double-Bit Axe
17:14 Wheelbarrow
19:11 Castle Age
25:02 Man-at-Arms
27:32 Bow Saw
29:47 Horse Collar
33:30 Heavy Plow
43:00 Imperial Age
41:25 Husbandry
42:39 Hand Cart
43:48 Bloodlines
47:21 Crop Rotation
47:26 Elite Centurion
48:50 Long Swordsman
48:52 Pikeman
49:33 Squires
48:57 Cavalier
51:37 Forging
51:33 Scale Barding Armor
53:22 Scale Mail Armor
53:45 Chain Barding Armor
56:32 Iron Casting
65:02 Light Cavalry
2100
10:34 Loom
13:10 Feudal Age
13:39 Horse Collar
13:48 Double-Bit Axe
22:40 Castle Age
21:10 Stone Mining
21:13 Gold Mining
22:51 Scale Barding Armor
23:44 Forging
27:19 Bow Saw
27:22 Heavy Plow
27:05 Elite Skirmisher
29:53 Husbandry
31:34 Scale Mail Armor
31:35 Padded Archer Armor
31:25 Fletching
33:57 Wheelbarrow
34:49 Iron Casting
40:07 Imperial Age
38:20 Ballistics
38:40 Chain Barding Armor
39:02 Gold Shaft Mining
39:30 Pikeman
40:12 Squires
41:06 Masonry
43:39 Chemistry
43:10 Architecture
43:06 Cavalier
44:23 Hand Cart
47:36 Blast Furnace
47:12 Plate Barding Armor
46:54 Chain Mail Armor
47:17 Paladin
48:10 Bodkin Arrow
49:56 Conscription
49:45 Burgundian Vineyards
52:21 Hoardings
msc159
1:39 Loom
13:31 Feudal Age
14:45 Man-at-Arms
16:15 Horse Collar
16:25 Double-Bit Axe
17:12 Town Watch
18:02 Wheelbarrow
24:21 Bloodlines
33:37 Castle Age
31:41 Scale Mail Armor
31:46 Scale Barding Armor
31:42 Padded Archer Armor
31:53 Forging
31:33 Fletching
32:58 Fletching
38:20 Iron Casting
38:06 Chain Barding Armor
38:02 Leather Archer Armor
38:55 Hand Cart
38:41 Town Patrol
38:51 Bodkin Arrow
39:43 Husbandry
43:45 Imperial Age
46:34 Conscription
46:41 Long Swordsman
46:42 Pikeman
47:22 Squires
48:14 Crossbowman
51:35 Two-Handed Swordsman
55:57 Elite Boyar
Connection lost

Rejoining the realm…

Still unreachable

The connection could not be restored.

Session expired

The server has moved on; the page needs a fresh start.